 Dungeon Crawl Stone Soup version 0.18.1-50-g88ac8fd (webtiles) character file.

81 epen the Ruffian (level 4, 0/41 HPs)
             Began as a Minotaur Monk on Sept 16, 2016.
             Slain by a goblin
             ... wielding a +0 dagger
             ... led by Robin
              (5 damage)
             ... on level 2 of the Dungeon.
             The game lasted 00:01:07 (912 turns).

epen the Ruffian (Minotaur Monk)                     Turns: 912, Time: 00:01:08

Health: 0/41       AC:  3    Str: 19    XL:     4   Next: 20%
Magic:  3/3        EV: 12    Int:  8    God:
Gold:   53         SH:  0    Dex: 12    Spells: 0 memorised, 3 levels left

rFire  + . .     SeeInvis .       - Unarmed
rCold  . . .     Gourm    .     e - +0 leather armour {rF+}
rNeg   . . .     Faith    +     (no shield)
rPois  .         Spirit   .     (helmet restricted)
rElec  .         Dismiss  .     (no cloak)
rCorr  .         Reflect  .     (no gloves)
SustAt .         Harm     .     (no boots)
MR     .....                    f - amulet of faith
Stlth  +.........               (no ring)
                                d - +3 ring of strength

@: heavily drained, not resistant to hostile enchantments, very unstealthy
A: retaliatory headbutt, horns 2
a: no special abilities


You were on level 2 of the Dungeon.
You were not hungry.

You visited 1 branch of the dungeon, and saw 2 of its levels.

You collected 53 gold pieces.

Inventory:

Armour
 a - a +0 robe
 e - a +0 leather armour of fire resistance (worn)
Jewellery
 d - a +3 ring of strength (left hand)
 f - an amulet of faith (around neck)
Scrolls
 c - 2 scrolls of identify {unknown}
 g - 2 scrolls of enchant armour {unknown}
 h - a scroll of remove curse {unknown}
 j - a scroll of amnesia {unknown}
Potions
 i - a potion of curing {unknown}
 k - a potion of degeneration {unknown}
 l - a potion of magic
Comestibles
 b - 2 bread rations
 m - a chunk of flesh


   Skills:
 + Level 4.4(2.8) Fighting
 + Level 4.0(2.4) Dodging
 - Level 1.5(0.0) Stealth
 * Level 5.3(3.6) Unarmed Combat


You had 3 spell levels left.
You didn't know any spells.

Dungeon Overview and Level Annotations

Branches:
Dungeon (2/15)

Altars:

Annotations:
D:2 Robin


Innate Abilities, Weirdness & Mutations

You reflexively headbutt those who attack you in melee.
You have a pair of horns on your head.


Message History

The goblin shoots a stone.
The stone closely misses you. The goblin hits you.
* * * LOW HITPOINT WARNING * * *
You see here a stone.
The goblin no longer looks unusually strong.
The goblin no longer looks unusually strong.
Robin throws the goblin at you!
You barely miss the goblin.
The goblin unwields an uncursed hunting sling.
The goblin wields an uncursed dagger.
The goblin hits you but does no damage.
You hit the goblin but do no damage.
The goblin hits you with an uncursed dagger.
* * * LOW HITPOINT WARNING * * *
The goblin closely misses you.
Drink which item? (? for menu, Esc to quit)
It was a potion of magic.
Magic courses through your body.
The goblin no longer looks unusually strong. x2
The goblin closely misses you. You furiously retaliate!
You headbutt the goblin, but do no damage.
The goblin hits you with an uncursed dagger.
You die...

......#........#.#########$
.................#.........
#...##......##...!)........
#........####......>†####
........#(.#.....##.#
...#..#.'.)###....#... ##
#....######($...###..
..#####.###ggggg......g.....
...l....<.g@###......#### .#
.....#.###### #......# #
....... ##.....# ......#
#.....# #####. #.....# ..
#.....# ... ###### ..


You could see Robin and 5 goblins.

Vanquished Creatures
  Jessica (D:2)
  Ijyb (D:2)
  A worm (D:2)
  A dart slug (D:1)
  A giant gecko (D:2)
  2 giant cockroaches (D:1)
  5 goblins
  4 hobgoblins
  A jackal (D:2)
  4 kobolds
  4 rats
25 creatures vanquished.

Notes
Turn   | Place    | Note
--------------------------------------------------------------
     0 | D:1      | epen the Minotaur Monk began the quest for the Orb.
     0 | D:1      | Reached XP level 1. HP: 19/19 MP: 0/0
    86 | D:1      | Reached XP level 2. HP: 23/27 MP: 1/1
   758 | D:2      | Noticed Ijyb
   759 | D:2      | Noticed Jessica
   763 | D:2      | Killed Jessica
   763 | D:2      | Reached skill level 5 in Unarmed Combat
   763 | D:2      | Reached XP level 3. HP: 30/33 MP: 2/2
   772 | D:2      | Killed Ijyb
   772 | D:2      | Reached XP level 4. HP: 30/41 MP: 3/3
   888 | D:2      | Noticed Robin
   912 | D:2      | Slain by a goblin

Skill      XL: |  1  2  3 |
---------------+----------+-----
Fighting       | 4 |  4.4
Unarmed Combat | 5 |  5.3
Dodging        | 4 |  4.0
Stealth        | |  1.5

Action                   |  1- 3 |  4- 6 || total
-------------------------+-------+-------++-------
Melee: Unarmed           |    49 |    18 ||    67
       Headbutt          |    12 |     4 ||    16
  Use: Potion            |       |     1 ||     1
 Stab: Sleeping          |     1 |       ||     1
Armor: Leather armour    |     7 |     5 ||    12
Dodge: Dodged            |    31 |    20 ||    51
